 Dungeon Crawl Stone Soup version 0.32-a0-329-ge6c31236d6 (webtiles) character file.

Game seed: 8390801127127715616

56 timneilson the Ruffian (level 3, -8/24 HPs)
             Began as an Octopode Shapeshifter on Feb 16, 2024.
             Mangled by a sleepcap (21 damage)
             ... on level 2 of the Dungeon.
             The game lasted 00:02:15 (1169 turns).

timneilson the Ruffian (Octopode Shapeshifter)      Turns: 1169, Time: 00:02:15

Health: -8/24      AC:  1    Str: 15    XL:     3   Next: 97%
Magic:  3/3        EV:  2    Int: 12    God:
Gold:   59         SH:  0    Dex: 11    Spells: 2/2 levels left

rFire   . .          .
                       - Unarmed
rCold   . . .        (no shield)
rNeg    . . .        (helmet currently unavailable)
rPois   .            (no amulet)
rElec   .            (no ring)
rCorr   .            (no ring)
SInv    .            (no ring)
Will    .....        (no ring)
Stlth   +++          (no ring)
HPRegen 0.24/turn    (no ring)
MPRegen 0.08/turn    (no ring)
                     (no ring)

%: no passive effects
@: beast-form, sleeping
A: beast (slay +1), almost no armour, amphibious, 8 rings, camouflage 1,
gelatinous body 1, (nimble swimmer 1), tentacles
a: Begin Untransformation


You were on level 2 of the Dungeon.
You were a hulking beast.
You visited 1 branch of the dungeon, and saw 2 of its levels.

You collected 59 gold pieces.

Inventory:

Missiles
 k - 4 poisoned darts (quivered)
Talismans
 b - a beast talisman (active)
 c - a flux talisman
Potions
 a - 2 potions of lignification
 d - 2 potions of attraction
 e - a potion of cancellation {unknown}
 f - a potion of brilliance {unknown}
 g - a potion of invisibility {unknown}
 h - 4 potions of curing
 l - a potion of haste {unknown}


   Skills:
 * Level 1.7 Fighting
 * Level 2.7 Dodging
 + Level 1.5 Stealth
 * Level 3.3 Unarmed Combat
 * Level 3.3 Shapeshifting


You had 2 spell levels left.
You didn't know any spells.
Your spell library contained the following spells:

 Spells                   Type           Power      Damage    Failure   Level
 Call Canine Familiar     Summ           0%         N/A       69%         3
 Sigil of Binding         Hex            0%         N/A       69%         3
 Dimensional Bullseye     Hex/Tloc       0%         N/A       97%         4


Dungeon Overview and Level Annotations

Branches:
Dungeon (2/15)

Altars:


Innate Abilities, Weirdness & Mutations

You are a hulking beast.
Your limbs bulge with bestial killing power. (Slay +1)
You cannot wear most types of armour.
You are amphibious.
You can wear up to eight rings at the same time.
Your skin changes colour to match your surroundings (Stealth+).
Your rubbery body absorbs attacks. (AC +1, EV +1)
((You are camouflaged when in or above water. (Stealth+)))
You have tentacles for arms and can constrict up to eight enemies at once.


Message History

You grab the quokka. You squeeze the quokka.
You kill the quokka!
You now have 59 gold pieces (gained 7).
g - a smoky sapphire potion A kobold comes into view.
It is wielding a +0 club.
The kobold shouts!
A kobold comes into view. It is wielding a +0 whip.
Found 6 gold pieces.
The kobold barely misses you.
The kobold shouts!
You tentacle-slap the kobold but do no damage.
You grab the kobold. You squeeze the kobold.
You kill the kobold!
You see here a +0 club.
The kobold hits you with a +0 whip.
You miss the kobold. You grab the kobold. You constrict the kobold.
The kobold misses you.
You barely miss the kobold.
The kobold is heavily wounded.
You constrict the kobold. The kobold hits you with a +0 whip.
You tentacle-slap the kobold.
You kill the kobold!
A hobgoblin comes into view.
The hobgoblin shouts!
Things that are here:
a +0 whip; a kobold corpse You closely miss the hobgoblin.
You grab the hobgoblin.
You constrict the hobgoblin, but do no damage.
You tentacle-slap the hobgoblin.
The hobgoblin is heavily wounded.
You constrict the hobgoblin.
You kill the hobgoblin!
A sleepcap comes into view.
You see here a hobgoblin corpse.
A sleepcap is nearby!
The sleepcap releases spores at you!
You are engulfed in a cloud of soporific spores!
You fall asleep.
The sleepcap releases spores at you!!
Ouch! That really hurt!
You die...

#....# .......# #..$.#
.......# #....#
#......####....# ..
#......#.......#....
.....#.......#.....
...#...)#+##.....#
..######.#†..).....###..
......fh................
.
..##......####..........
## #.###..####.....#####
.. .. ..........#### #
.. ... ###..#####.# ##
.# .. #..# #.# ####. ..
...........
...#####.####.... .#
#......<#.#
#...........#.###
.####...#...#.#
#........#....#


You could see a sleepcap.

Vanquished Creatures
  A dart slug (D:1)
  2 endoplasms (D:1)
  2 giant cockroaches (D:1)
  4 goblins (D:1)
  7 hobgoblins
  2 quokkas (D:2)
  3 ball pythons (D:1)
  A bat (D:1)
  4 kobolds
  4 rats
30 creatures vanquished.

Notes
Turn   | Place    | Note
-------+----------+-------------------------------------------
     0 | D:1      | timneilson the Octopode Shapeshifter began the quest for
                  | the Orb.
     0 | D:1      | Reached XP level 1. HP: 13/13 MP: 1/1
   290 | D:1      | Reached XP level 2. HP: 18/18 MP: 2/2
   372 | D:1      | Reached skill level 1 in Stealth
   404 | D:1      | Reached XP level 3. HP: 21/23 MP: 3/3
  1169 | D:2      | Mangled by a sleepcap

Illustrated notes

Levels and vault maps discovered:
D:1:      dpeg_arrival_circle_labyrinth_b, layout_loops_ring
D:2:      layout_basic, minmay_randomly_rotated_circles

Skill      XL: |  1  2 |
---------------+-------+-----
Stealth        | 1 |  1.5
Fighting       | |  1.7
Dodging        | |  2.7
Unarmed Combat | |  3.3
Shapeshifting  | |  3.3

Action                     || total
---------------------------++-------
  Melee: Unarmed           ||    48
         Constrict         ||    12
         Tentacles         ||     9
    Use: Scroll            ||     7
   Stab: Sleeping          ||     4
 Armour: Skin              ||    18
  Dodge: Dodged            ||    17

Table legend: (Time is in decaauts)
 A = Elapsed time spent in this place.
 B = Non-inter-level travel time spent in this place.
 C = Inter-level travel time spent in this place.
 D = Time resting spent in this place.
 E = Time spent auto-exploring this place.
 F = Levels seen in this place.
 G = Mean time per level.
                   A        B        C        D        E       F      G
               +--------+--------+--------+--------+--------+-----+--------+
         Total |   1165 |   1138 |     27 |     39 |    843 |   2 |  582.5 |
       Dungeon |   1165 |   1138 |     27 |     39 |    843 |   2 |  582.5 |
               +--------+--------+--------+--------+--------+-----+--------+

Top non-repeatable levels by time:
     D:1: 957 daAuts
     D:2: 208 daAuts
